 Dungeon Crawl Stone Soup version 0.32-a0-350-g4f4d228 (webtiles) character file.

Game seed: 1175113810508244639

17808 Anonymous1 the Unseen (level 12, -2/51 HPs)
             Began as a Spriggan Enchanter on Feb 17, 2024.
             Was a Follower of Ru.
             Slain by a minotaur
             ... wielding a +3 glaive of freezing
              (33 damage)
             ... in a Gauntlet.
             The game lasted 00:50:27 (15427 turns).

Anonymous1 the Unseen (Spriggan Enchanter)         Turns: 15427, Time: 00:50:28

Health: -2/51      AC:  5    Str:  7    XL:     12   Next: 22%
Magic:  29/29      EV: 20    Int: 17    God:    Ru [*.....]
Gold:   387        SH: 11    Dex: 24    Spells: 24/35 levels left

rFire   . . .        a - +1 dagger (flame)
rCold   + . .        G - +1 buckler
rNeg    + . .        P - +1 robe {rC+}
rPois   +            (helmet restricted)
rElec   .            N - +1 cloak
rCorr   .            (gloves unavailable)
SInv    +            (boots unavailable)
Will    ++...        b - amulet of reflection
Stlth   +++++++      g - ring of positive energy
HPRegen 0.28/turn    Q - ring "Mosusittips" {rPois Str+3 Dex+4}
MPRegen 0.21/turn

%: no teleportation, reflection
@: invisible, very quick
A: very small, no large weapons, unfitting armour, see invisible, speed 3,
inability to train armour
a: Renounce Religion


You were in a Gauntlet.
You worshipped Ru.
Ru was aware of your devotion.
You visited 3 branches of the dungeon, and saw 13 of its levels.
You also visited: Sewer, Bailey and Gauntlet.

You collected 927 gold pieces.
You spent 540 gold pieces at shops.

Inventory:

Hand Weapons
 a - a +1 dagger of flaming (weapon)
Missiles
 d - 38 poisoned darts (quivered)
 r - a curare-tipped dart
 J - 5 throwing nets
Armour
 G - a +1 buckler (worn)
 N - a +1 cloak (worn)
 P - a +1 robe of cold resistance (worn)
Jewellery
 b - an amulet of reflection (around neck)
 g - a ring of positive energy (left hand)
 F - the amulet "Iddoipp" {RegenMP Str+2 Stlth+}
   (You found it in a Gauntlet)

   [amulet of magic regeneration]

   RegenMP:   It increases your rate of magic regeneration.
   Str+2:     It affects your strength (+2).
   Stlth+:    It makes you more stealthy.
 L - a ring of magical power
 O - a ring of ice
 Q - the ring "Mosusittips" (right hand) {rPois Str+3 Dex+4}
   (You found it in a Gauntlet)

   [ring of poison resistance]

   Str+3:     It affects your strength (+3).
   Dex+4:     It affects your dexterity (+4).
   rPois:     It protects you from poison
Wands
 f - a wand of iceblast (9)
 j - a wand of polymorph (4)
 C - a wand of digging (3)
 I - a wand of paralysis (16)
 K - a wand of flame (16)
Scrolls
 e - 8 scrolls of teleportation
 i - 3 scrolls of blinking
 l - 2 scrolls of silence
 m - 2 scrolls of fear
 n - 3 scrolls of poison
 q - 3 scrolls of revelation {unknown}
 s - 6 scrolls of fog
 t - 2 scrolls of summoning
 v - 3 scrolls of enchant weapon {unknown}
 x - 4 scrolls of amnesia
 y - 2 scrolls of immolation
 B - 3 scrolls of vulnerability
Potions
 c - 5 potions of invisibility
 h - 2 potions of attraction
 k - 4 potions of curing
 o - a potion of haste
 p - 2 potions of heal wounds
 u - 3 potions of might
 w - 3 potions of lignification
 z - a potion of magic
 A - 2 potions of ambrosia
 D - 2 potions of brilliance {unknown}
 E - 4 potions of enlightenment
 H - a potion of cancellation
Miscellaneous
 M - a sack of spiders


   Skills:
 + Level 6.3 Short Blades
 + Level 5.0 Dodging
 + Level 17.7 Stealth
 + Level 1.3 Shields
 + Level 12.3 Spellcasting
 + Level 12.6 Hexes
 - Level 2.6 Ice Magic
 + Level 5.0 Evocations


You had 24 spell levels left.
You knew the following spells:

 Your Spells              Type           Power      Damage    Failure   Level
a - Ensorcelled Hibernat  Hex/Ice        72%        N/A       1%          2
b - Confusing Touch       Hex            52%        N/A       1%          3
c - Dazzling Flash        Conj/Hex       64%        N/A       2%          3
d - Tukima's Dance        Hex            52%        N/A       1%          3

Your spell library contained the following spells:

 Spells                   Type           Power      Damage    Failure   Level
 Sigil of Binding         Hex            52%        N/A       1%          3
 Dimensional Bullseye     Hex/Tloc       16%        N/A       9%          4
 Lesser Beckoning         Tloc           20%        N/A       17%         2
 Call Canine Familiar     Summ           10%        N/A       32%         3
 Gell's Gravitas          Tloc           10%        N/A       32%         3
 Teleport Other           Tloc           10%        N/A       32%         3
 Malign Gateway           Summ/Tloc      5%         N/A       100%        7
 Summon Horrible Things   Summ           5%         N/A       100%        8


Dungeon Overview and Level Annotations

Branches:
Dungeon (10/15)            Temple (1/1) D:7            Lair (2/5) D:9
    Orc (0/2) D:9           Sewer (visited)          Bailey (visited)
Gauntlet (1/1)
  Swamp: Lair:2-3    Shoals: Lair:2-3     Snake: Lair:2-3    Spider: Lair:2-3

Altars:
Ashenzari
Cheibriados
Dithmenos
Elyvilon
Fedhas
Gozag
Hepliaklqana
Kikubaaqudgha
Makhleb
Nemelex Xobeh
Okawaru
Qazlal
Ru
Sif Muna
Trog
Uskayaw
Vehumet
Wu Jian
Xom
Yredelemnul
Zin
The Shining One

Shops:
D:2 ?   D:4 *   D:6 *   D:8 =*(=   D:10 *

Annotations:
Gauntlet 8 transporters, 3 runed translucent doors


Innate Abilities, Weirdness & Mutations

You are very small and have problems with some larger weapons.
You are too small for most types of armour.
You have supernaturally acute eyesight. (SInv)
You cover ground extremely quickly. (Speed+++)
You cannot train Armour skill.


Message History

You skewer the redback like a kebab!!! You burn the redback.
You kill the redback!
You hit the redback. You burn the redback.
The redback is moderately wounded.
You strike the helpless redback from behind!
You skewer the redback like a kebab!!! You burn the redback.
You kill the redback!
You catch the helpless moth of wrath completely off-guard!
You perforate the moth of wrath like a sieve!!!
You burn the moth of wrath!
You kill the moth of wrath!
You catch the helpless redback completely off-guard!
You spit the redback like a pig!!! You burn the redback.
You kill the redback!
There is a transporter landing site here.
You pick up a Grand Grimoire and begin reading...
You add the spells Malign Gateway and Summon Horrible Things to your library.
There is a transporter here.
x - 4 scrolls of amnesia (gained 1)
F - the amulet "Iddoipp" {RegenMP Str+2 Stlth+}
There is a transporter here.
You enter the transporter and appear at another place.
You open the door.
A minotaur comes into view. It is wielding a +3 glaive of freezing.
Found a runed dagger.
Found a gate leading back out of this place.
There is an open door here.
The minotaur bellows!
You hit the minotaur but do no damage. You block the minotaur's attack. x2
You hit the minotaur but do no damage.
The minotaur hits you with a +3 glaive of freezing!!
The minotaur freezes you. You block the minotaur's attack.
You hit the minotaur. You burn the minotaur.
The minotaur is lightly wounded.
You hit the minotaur but do no damage.
The minotaur is lightly wounded.
The minotaur hits you with a +3 glaive of freezing!!
Ouch! That really hurt!
You die...
Ru respects your ultimate sacrifice.

### ###...##≈...
#....##.♣.###.P.
#.##......##..♣.
..##.##.♣.#..... ..##
#....##...#.♣...
#....##.##....©.#.P...
#....##.##...#.....
######....##.©.#.....
#∩.H@'.##......#..∩..
######.##.##.©.#.....
#....##...#.....
#.##....©.#.....
...##.##...#.♣...
.##....##.♣.#...P.
#.##......##..♣.
.##.##.♣.###.P.
#...##≈...


You could see a minotaur (unable to see you).

Vanquished Creatures
  Harold (D:10)
  A hydra (Lair:2)
  Fannar (Lair:1)
  A boulder beetle (Lair:1)
  A two-headed ogre (D:10)
  Pikel (D:7)
  A moth of wrath (Gauntlet)
  A torpor snail (Lair:1)
  3 cane toads
  A kobold demonologist (D:10)
  Jeremiah (D:7)
  2 komodo dragons (Lair:1)
  2 trolls
  A wyvern (Lair:2)
  Grum (D:9)
  19 yaks
  A warg (D:9)
  3 redbacks (Gauntlet)
  3 steam dragons
  3 acid dragons
  5 water moccasins
  6 orc warriors
  A sky beast (D:7)
  2 ogres
  2 black bears
  4 wolves
  4 centaurs
  A phantom (D:6)
  3 kobold brigands
  5 bullfrogs
  2 brain worms (Sewer)
  A gnoll sergeant (D:8)
  3 scorpions
  7 wights
  12 killer bees
  2 howler monkeys (D:6)
  2 jellies
  3 bombardier beetles (D:5)
  A hound (D:4)
  A gnoll bouda (D:8)
  3 orc priests
  A sleepcap (D:7)
  2 iguanas
  4 orc wizards
  Robin (D:2)
  4 gnolls (D:3)
  6 adders
  5 river rats (Sewer)
  2 dart slugs
  3 ribbon worms
  23 orcs
  5 ball pythons
  8 endoplasms
  8 giant cockroaches
  16 goblins
  8 hobgoblins
  10 jackals
  5 quokkas
  8 bats
  4 frilled lizards
  22 kobolds
  7 rats
270 creatures vanquished.

Vanquished Creatures (collateral kills)
  A two-headed ogre (D:10)
  Sigmund (D:2)
  8 orc warriors
  2 ogres
  A kobold brigand (D:9)
  6 wights
  A gnoll (Bailey)
  6 orcs
  A goblin (Bailey)
  3 kobolds (Bailey)
30 creatures vanquished.

Vanquished Creatures (others)
  8 dancing weapons
8 creatures vanquished.

Grand Total: 308 creatures vanquished

Notes
Turn   | Place    | Note
-------+----------+-------------------------------------------
     0 | D:1      | Anonymous1 the Spriggan Enchanter began the quest for the
                  | Orb.
     0 | D:1      | Reached XP level 1. HP: 9/9 MP: 5/5
   437 | D:1      | Reached XP level 2. HP: 6/13 MP: 6/6
   475 | D:1      | Learned a level 2 spell: Ensorcelled Hibernation
   531 | D:1      | You fall into a shaft and drop 1 floor!
   563 | D:3      | Noticed Robin
   721 | D:2      | Reached skill level 5 in Stealth
   748 | D:2      | Reached XP level 3. HP: 14/16 MP: 2/8
   985 | D:1      | Learned a level 3 spell: Confusing Touch
   989 | D:1      | Learned a level 3 spell: Tukima's Dance
  1738 | D:2      | Found a faded altar of an unknown god.
  1899 | D:2      | Found Doestez's Magic Scroll Boutique.
  1902 | D:2      | Noticed Sigmund
  1962 | D:2      | Killed Sigmund
  1963 | D:2      | Reached skill level 6 in Stealth
  1963 | D:2      | Reached XP level 4. HP: 21/21 MP: 2/11
  1963 | D:2      | Reached XP level 5. HP: 24/24 MP: 2/12
  2046 | D:2      | Learned a level 3 spell: Dazzling Flash
  2057 | D:2      | Bought a scroll of identify for 24 gold pieces
  2057 | D:2      | Bought a scroll of fear for 48 gold pieces
  2678 | D:2      | Killed Robin
  3012 | D:3      | Reached XP level 6. HP: 28/28 MP: 13/13
  3030 | D:3      | Reached skill level 7 in Stealth
  3109 | D:3      | Reached skill level 5 in Hexes
  3846 | D:4      | Found a glowing drain.
  3863 | Sewer    | Entered a sewer
  4302 | Sewer    | Reached skill level 5 in Spellcasting
  4641 | Sewer    | Reached skill level 8 in Stealth
  4641 | Sewer    | Reached XP level 7. HP: 32/32 MP: 15/15
  5249 | D:4      | Found Wecaruro's Assorted Antiques.
  5268 | D:4      | Bought a green potion for 18 gold pieces
  5268 | D:4      | Bought 3 scrolls labelled VUOTUX FIKHLEM for 60 gold pieces
  5268 | D:4      | Bought an orange potion for 18 gold pieces
  5268 | D:4      | Bought a scroll labelled RUIXZUI JOAS for 20 gold pieces
  5511 | D:5      | Entered Level 5 of the Dungeon
  5630 | D:5      | Reached skill level 9 in Stealth
  5924 | D:5      | Reached XP level 8. HP: 36/36 MP: 16/18
  6231 | D:5      | Reached skill level 10 in Stealth
  6267 | D:5      | Found an iron altar of Okawaru.
  6674 | D:6      | Reached skill level 11 in Stealth
  6783 | D:6      | Found Madood's General Store.
  6941 | D:6      | Bought a potion of enlightenment for 70 gold pieces
  6941 | D:6      | Bought a scroll of identify for 28 gold pieces
  6941 | D:6      | Bought a scroll of identify for 28 gold pieces
  7136 | D:6      | Reached skill level 12 in Stealth
  7136 | D:6      | Reached XP level 9. HP: 39/39 MP: 13/21
  7598 | D:7      | Noticed Jeremiah
  7606 | D:7      | Killed Jeremiah
  7653 | D:7      | Noticed Pikel
  7670 | D:7      | Killed Pikel
  7671 | D:7      | Reached skill level 13 in Stealth
  7873 | D:7      | Reached skill level 5 in Short Blades
  7936 | D:7      | Found a staircase to the Ecumenical Temple.
  7945 | Temple   | Entered the Ecumenical Temple
  7952 | Temple   | Became a worshipper of Ru the Awakened
  9012 | D:2      | Bought a scroll of fog for 48 gold pieces
  9012 | D:2      | Bought a scroll of blinking for 90 gold pieces
  9068 | D:8      | Found Imuanto's Antique Weapon Boutique.
  9076 | D:8      | Noticed a troll
  9085 | D:8      | Killed a troll
  9116 | D:8      | Found Qorr's Jewellery Emporium.
  9160 | D:8      | Found Pomn's General Store.
  9176 | D:8      | Reached XP level 10. HP: 44/44 MP: 21/24
  9267 | D:8      | Found a flagged portal.
  9279 | Bailey   | Entered a bailey
  9351 | Bailey   | Reached skill level 1 in Ice Magic
  9352 | Bailey   | Reached skill level 14 in Stealth
 10020 | D:8      | Found Harchusk's Jewellery Shop.
 10110 | D:8      | Gained mutation: You cannot train Armour skill. [Ru
                  | sacrifice]
 10110 | D:8      | Reached * piety under Ru
 10138 | D:8      | Reached skill level 10 in Hexes
 10435 | D:8      | Reached skill level 10 in Spellcasting
 10544 | D:9      | Noticed Grum
 11278 | D:9      | Found a staircase to the Lair.
 11475 | D:9      | Killed Grum
 11626 | D:9      | Found a staircase to the Orcish Mines.
 11712 | D:9      | Reached skill level 15 in Stealth
 12025 | D:9      | Reached XP level 11. HP: 47/47 MP: 3/26
 12294 | D:10     | Entered Level 10 of the Dungeon
 12300 | D:10     | Reached skill level 1 in Shields
 12322 | D:10     | Noticed a two-headed ogre
 12329 | D:10     | Killed a two-headed ogre
 12330 | D:10     | Reached skill level 1 in Evocations
 12448 | D:10     | Found a hide-covered altar of Uskayaw.
 12466 | D:10     | Noticed a two-headed ogre
 12484 | D:10     | Killed a two-headed ogre
 12552 | D:10     | Noticed Harold
 13016 | D:10     | Found a glowing silver altar of Zin.
 13016 | D:10     | Found a glowing golden altar of the Shining One.
 13052 | D:10     | Identified the +0 pair of gloves "Yrampe" {*Slow rPois
                  | rCorr Str+4}
 13124 | D:10     | Killed Harold
 13279 | D:10     | Found Pytabridd's General Store.
 13287 | D:10     | Bought a potion of cancellation for 88 gold pieces
 13577 | Lair:1   | Entered Level 1 of the Lair of Beasts
 13647 | Lair:1   | Noticed Fannar
 13676 | Lair:1   | Killed Fannar
 13844 | Lair:1   | Found a hide-covered altar of Uskayaw.
 13844 | Lair:1   | Found an ornate altar of the Wu Jian Council.
 13844 | Lair:1   | Noticed a boulder beetle
 13851 | Lair:1   | Killed a boulder beetle
 13852 | Lair:1   | Reached skill level 16 in Stealth
 13996 | Lair:1   | Reached skill level 5 in Dodging
 13996 | Lair:1   | Reached skill level 5 in Evocations
 14269 | Lair:1   | Reached skill level 17 in Stealth
 14350 | Lair:1   | Reached XP level 12. HP: 43/51 MP: 19/29
 14918 | Lair:2   | Noticed a seven-headed hydra
 14922 | Lair:2   | Killed a seven-headed hydra
 14989 | Lair:2   | Found a gate leading to a gauntlet.
 14998 | Gauntlet | Entered a Gauntlet
 14998 | Gauntlet | Found a transporter.
 15005 | Gauntlet | Found a transporter.
 15007 | Gauntlet | Found a transporter.
 15015 | Gauntlet | Noticed a catoblepas
 15018 | Gauntlet | Found a transporter.
 15021 | Gauntlet | Found a transporter.
 15023 | Gauntlet | Noticed a green death
 15027 | Gauntlet | Found a runed translucent gate.
 15027 | Gauntlet | Found a runed translucent gate.
 15027 | Gauntlet | Found a runed translucent gate.
 15030 | Gauntlet | Found a transporter.
 15046 | Gauntlet | Found a transporter.
 15059 | Gauntlet | Found a transporter.
 15072 | Gauntlet | Noticed a ghost crab
 15077 | Gauntlet | Found a transporter.
 15077 | Gauntlet | Found a transporter.
 15080 | Gauntlet | Found a transporter.
 15101 | Gauntlet | Found a transporter.
 15107 | Gauntlet | Found a transporter.
 15157 | Gauntlet | Found a transporter.
 15261 | Gauntlet | Identified the ring "Mosusittips" {rPois Str+3 Dex+4}
 15409 | Gauntlet | Identified the amulet "Iddoipp" {RegenMP Str+2 Stlth+}
 15421 | Gauntlet | Noticed a minotaur
 15427 | Gauntlet | Slain by a minotaur

Illustrated notes

Levels and vault maps discovered:
D:1:      minmay_arrival_hallway, layout_loops_corners
D:2:      layout_loops_ring, chequers_ecumenical_altar_lobes, serial_rivers,
          chequers_serial_rivers_small_a, chequers_serial_rivers_room_b,
          chequers_serial_rivers_micro_b, chequers_serial_rivers_large_a,
          chequers_serial_rivers_small_3, serial_shops, shop, uniq_sigmund
D:3:      layout_loops_ring, uniq_robin
D:4:      layout_rooms, serial_shops, nicolae_shop_crystal,
          gup_sewer_entry_pipe, nicolae_kite_square_tiling_tiny
D:5:      layout_basic, marbit_many_paths
D:6:      layout_basic, nicolae_inconvenience_store, hangedman_decor_push,
          minmay_crossroads
D:7:      layout_layer_cave, lemuel_temple_firewalk_b, uniq_jeremiah, uniq_pikel
D:8:      layout_basic, enter_bailey_3, serial_shops, nicolae_shop_statue_plus,
          shop_fountains, nicolae_shop_real_fake_doors, shop, grunt_tough_drop
D:9:      layout_loops_ring, dpeg_oklobed_lair, erik_orc_3, uniq_grum
D:10:     layout_basic, gammafunk_temple_overflow_elements,
          nicolae_uskayaw_murder_on_the_dancefloor, serial_shops, shop,
          uniq_harold
Temple:   hc_temple_tempest_star
Lair:1:   layout_roguey, nzn_masters_of_martial_movement, uniq_fannar
Lair:2:   layout_big_grid, skrybe_swamp_entry_bodies,
          minmay_snake_entry_guardpost_small, gauntlet_entry_generic,
          beast_lair_carwin_11, lemuel_fruit_tree, uniq_erica, uniq_amaemon
Gauntlet: minmay_gauntlet_77_tree [minmay_gauntlet_arena_77_terracotta_army,
          minmay_gauntlet_arena_77_mirror, minmay_gauntlet_arena_77_block_sizes,
          minmay_gauntlet_arena_77_radiant_squares,
          minmay_gauntlet_arena_77_two_paths,
          minmay_gauntlet_arena_77_two_lines,
          minmay_gauntlet_arena_77_run_for_it, gauntlet_exit_green]

Skill      XL: |  1  2  3  4  5  6  7  8  9 10 11 |
---------------+----------------------------------+-----
Hexes          | 4 5 6 7 9 10 12 | 12.6
Stealth        | 5 6 8 9 12 13 15 17 | 17.7
Dodging        | 3 4 5 |  5.0
Spellcasting   | 3 4 5 6 7 9 10 12 | 12.3
Short Blades   | 2 3 4 5 6 |  6.3
Ice Magic      | 2 |  2.6
Shields        | 1 |  1.3
Evocations     | 5 |  5.0

Action                     |  1- 3 |  4- 6 |  7- 9 | 10-12 || total
---------------------------+-------+-------+-------+-------++-------
  Melee: Dagger            |    50 |   117 |   104 |   219 ||   490
  Throw: Dart              |    21 |    18 |    23 |    34 ||    96
   Cast: Ensorcelled Hiber |    20 |    42 |    51 |   108 ||   221
         Tukima's Dance    |     2 |     2 |    14 |    51 ||    69
         Dazzling Flash    |       |     1 |     1 |    10 ||    12
         Confusing Touch   |       |     1 |     2 |     5 ||     8
 Invoke: Sacrifice Durabil |       |       |       |     1 ||     1
         Reject Sacrifices |       |       |       |     1 ||     1
  Evoke: Wand              |       |       |       |     8 ||     8
    Use: Scroll            |     1 |     5 |     5 |     7 ||    18
         Potion            |       |     1 |       |     4 ||     5
   Stab: Sleeping          |    23 |    31 |    52 |    81 ||   187
         Distracted        |       |     1 |       |     2 ||     3
         Confused          |       |       |     2 |     5 ||     7
         Invisible         |       |       |     1 |     8 ||     9
 Armour: Robe              |    18 |    25 |    13 |     6 ||    62
         Steam dragon scal |       |       |     2 |    27 ||    29
         Skin              |       |       |       |     6 ||     6
  Dodge: Dodged            |    28 |    71 |    61 |   114 ||   274
  Block: Other             |       |       |     2 |       ||     2
         Buckler           |       |       |       |    64 ||    64
         Reflection        |       |       |       |     5 ||     5

Table legend: (Time is in decaauts)
 A = Elapsed time spent in this place.
 B = Non-inter-level travel time spent in this place.
 C = Inter-level travel time spent in this place.
 D = Time resting spent in this place.
 E = Time spent auto-exploring this place.
 F = Levels seen in this place.
 G = Mean time per level.
                   A        B        C        D        E       F      G
               +--------+--------+--------+--------+--------+-----+--------+
         Total |  11463 |  11197 |    266 |   2048 |   6375 |  16 |  716.4 |
       Dungeon |   8376 |   8125 |    251 |   1377 |   4941 |  10 |  837.6 |
        Temple |      9 |      9 |      0 |      0 |      0 |   1 |    9.0 |
          Lair |   1093 |   1078 |     15 |    319 |    489 |   2 |  546.5 |
         Sewer |   1164 |   1164 |      0 |    288 |    574 |   1 | 1164.0 |
        Bailey |    535 |    535 |      0 |     62 |    238 |   1 |  535.0 |
      Gauntlet |    283 |    283 |      0 |      0 |    131 |   1 |  283.0 |
               +--------+--------+--------+--------+--------+-----+--------+

Top non-repeatable levels by time:
     D:9: 1359 daAuts
     D:2: 1237 daAuts
   Sewer: 1164 daAuts
  Lair:1: 994 daAuts
     D:6: 947 daAuts
    D:10: 893 daAuts
     D:7: 865 daAuts
     D:1: 762 daAuts
     D:3: 718 daAuts
     D:5: 607 daAuts
     D:8: 572 daAuts
  Bailey: 535 daAuts
     D:4: 413 daAuts
Gauntlet: 283 daAuts
  Lair:2: 99 daAuts
